Map: Crimson Court LE

Players

MaxRax

  • Race: Terran Terran
  • League: Platinum
  • Spawn Location: 7:00

GoldLeaguer - Winner!

  • Race: Protoss Protoss
  • League: Diamond
  • Spawn Location: 1:00

VOD

Have the link to the VOD?

Description

Time

  • Played on: Aug. 28, 2024, 2:42 p.m.
  • Length: 17:27
Show
View Real Time Build Order
Export as new Build Order

MaxRax Terran 

Build Orders: Reaper Expand 

Get SALT Encoding   

  12  0:00  SCV  
  13  0:12  SCV  
  14  0:17  Supply Depot  
  14  0:25  SCV  
  15  0:38  SCV  
  15  0:39  Barracks  
  16  0:43  Refinery  
  16  0:50  SCV  
  17  1:02  SCV  
  18  1:15  SCV  
  19  1:26  Reaper  
  19  1:27  Orbital Command  
  20  1:42  Command Center  
  20  1:52  Supply Depot  
  20  1:53  SCV  
  21  1:59  Marine  
  22  2:05  SCV  
  23  2:10  Factory  
  23  2:20  Refinery  
  23  2:21  Barracks Reactor  
  23  2:24  SCV  
  24  2:36  SCV  
  25  2:48  SCV  
  26  2:55  Orbital Command  
  26  2:56  Bunker  
  28  2:58  Widow Mine  
  28  3:03  Starport  
  28  3:06  SCV  
  28  3:08  Marine x2  
  31  3:18  SCV  
  32  3:21  Widow Mine  
  32  3:25  SCV  
  32  3:26  Marine x2  
  37  3:29  Supply Depot  
  37  3:30  SCV  
  38  3:37  SCV  
  39  3:42  SCV  
  39  3:43  Widow Mine  
  41  3:53  Marine x2  
  42  3:56  Medivac  
  42  3:57  SCV x2  
  45  4:04  Widow Mine  
  47  4:11  Marine x2  
  47  4:15  Barracks  
  47  4:16  Supply Depot  
  49  4:23  Barracks  
  49  4:24  SCV x2  
  49  4:26  Widow Mine  
  49  4:29  Marine  
  54  4:37  Marine  
  54  4:38  SCV x2  
  57  4:40  Supply Depot  
  57  4:42  Supply Depot  
  57  4:47  Marine  
  57  4:49  Factory Tech Lab  
  57  4:50  Starport Reactor, SCV x2  
  60  4:55  Marine  
  61  5:02  SCV x2  
  61  5:05  Barracks Tech Lab  
  63  5:13  Supply Depot  
  63  5:14  Engineering Bay, SCV x2  
  65  5:25  Siege Tank  
  65  5:26  Barracks Tech Lab  
  65  5:27  Stimpack  
  68  5:32  Command Center, Barracks  
  68  5:33  SCV x2  
  70  5:42  Supply Depot  
  70  5:43  Terran Infantry Weapons Level 1  
  70  5:45  Engineering Bay, SCV  
  70  5:48  Supply Depot  
  71  5:51  SCV  
  72  5:58  SCV  
  72  6:03  Marine x4  
  77  6:11  Combat Shield  
  77  6:12  SCV x2  
  77  6:16  Refinery  
  77  6:17  Refinery  
  79  6:21  Marine x3  
  79  6:22  Marauder  
  79  6:23  Barracks Reactor, Barracks  
  79  6:24  SCV  
  85  6:26  Siege Tank  
  85  6:27  SCV  
  85  6:29  Supply Depot  
  89  6:36  SCV  
  89  6:38  Medivac  
  89  6:39  SCV  
  93  6:58  Siege Tank, Supply Depot  
  93  7:00  SCV x2  
  98  7:04  Sensor Tower  
  98  7:05  SCV  
  99  7:10  Medivac  
  99  7:11  Marine  
  99  7:12  SCV x2, Marine x5  
  109  7:16  Barracks Tech Lab  
  109  7:17  Ghost Academy  
  109  7:22  Orbital Command  
  109  7:24  Refinery, SCV x2  
  109  7:27  Supply Depot  
  109  7:29  Marine x2  
  112  7:30  Marine x4  
  112  7:33  Medivac  
  112  7:34  Refinery  
  112  7:35  Siege Tank  
  112  7:36  SCV x2  
  66  7:44  Medivac  
  124  7:47  Concussive Shells  
  124  7:48  SCV x3  
  129  7:57  Supply Depot, Marine  
  129  7:58  Marauder, Marine  
  133  8:00  SCV  
  133  8:01  SCV x2  
  133  8:04  Terran Infantry Armor Level 1  
  133  8:05  Missile Turret  
  136  8:10  Armory  
  136  8:12  SCV  
  137  8:13  SCV  
  138  8:32  Siege Tank  
  138  8:33  Marauder x2  
  145  8:34  Marine x2  
  145  8:38  Marine x2  
  145  8:40  Supply Depot  
  149  8:43  Command Center  
  149  8:44  Supply Depot  
  149  8:47  Supply Depot  
  149  8:55  Marine  
  149  8:56  Marine  
  149  8:57  Marine x2  
  149  8:58  Marine x3  
  148  9:04  Siege Tank  
  142  9:13  Marauder  
  142  9:14  Marine  
  142  9:15  Marine x2  
  142  9:16  Marauder, Marine x2  
  133  9:26  SCV x3  
  131  9:32  Marine  
  131  9:33  Marauder, Marine x2  
  131  9:34  Supply Depot, Marine x2  
  131  9:36  Siege Tank  
  131  9:37  Medivac, Supply Depot  
  131  9:38  Marauder, Medivac, Supply Depot  
  147  9:39  SCV x3  
  147  9:43  Command Center  
  150  9:50  Marine  
  150  9:51  SCV x2  
  150  9:52  Marauder  
  155  9:53  Ghost  
  155  9:57  Barracks  
  157  10:01  Barracks  
  157  10:05  Barracks  
  157  10:08  Siege Tank  
  158  10:15  SCV x3  
  158  10:20  Marine  
  158  10:21  Marine  
  161  10:22  Medivac x2  
  162  10:40  Siege Tank, Marine x2  
  167  10:47  Marine x5  
  153  10:52  Medivac x2  
  139  11:10  SCV x2  
  141  11:12  Siege Tank  
  144  11:22  Viking x2  
  144  11:23  Marine  
  144  11:24  Marine  
  150  11:32  Supply Depot  
  150  11:38  Marine x4  
  150  11:39  Orbital Command  
  154  11:43  Orbital Command  
  154  11:46  Barracks Tech Lab  
  154  11:50  Marine x2  
  154  11:51  Marauder  
  154  11:52  Viking x2  
  162  11:56  Marauder x2  
  162  11:59  Refinery  
  166  12:02  Missile Turret  
  166  12:03  Missile Turret  
  166  12:07  Marauder  
  166  12:09  Barracks Tech Lab  
  166  12:12  Marauder  
  152  12:18  Marauder x2  
  155  12:24  SCV x2  
  155  12:29  Marine x3  
  150  12:30  Marine x3  
  150  12:33  Marine  
  156  12:39  Marine x2  
  156  12:42  SCV  
  153  12:47  Viking x2, Marine x6  
  156  12:51  Marine  
  156  12:56  Marine x2  
  149  13:00  Marine  
  149  13:05  Marine x5  
  128  13:06  Marauder  
  128  13:09  Marauder  
  129  13:14  Marine x2  
  129  13:18  Marine  
  122  13:23  Marine x5  
  122  13:27  Marine  
  104  13:30  Marine  
  104  13:32  Marine x2  
  89  13:36  SCV x2, Marine  
  89  13:40  Marine  
  89  13:41  Marine x4  
  94  13:44  Marine  
  94  13:48  Viking, Marine  
  95  13:49  Viking  
  95  13:50  Marine x2  
  95  13:53  Orbital Command  
  95  13:54  Marine  
  99  13:58  Marine x3  
  99  13:59  Marine x2  
  99  14:02  Marine  
  97  14:06  Marine  
  97  14:08  Marine  
  98  14:17  Marauder x2, Barracks Tech Lab, Marine x4  
  93  14:22  Viking x2  
  97  14:34  SCV x2  
  99  14:45  Siege Tank, Marine x6  
  108  15:05  Marine x2  
  101  15:08  Marine x4  
  90  15:14  Marine  
  90  15:16  Marine  
  82  15:28  Marine  
  82  15:29  Marine x4  
  82  15:31  SCV  
  81  15:39  SCV x2  
  83  15:46  Medivac x2  
  82  16:04  SCV x2  
  82  16:09  Command Center  
  82  16:25  Orbital Command  
  82  16:27  Command Center  
  82  16:32  Marine x4  
  74  16:39  Marine  
  68  16:40  Marine x5  
  68  16:43  SCV x2  
  76  16:49  Marine  
  79  16:54  Siege Tank  
  79  16:55  SCV x2  
  79  16:58  Marauder x3  
  87  17:02  Marine x4  
  87  17:08  Marine x3  
  78  17:19  Ghost Academy  
Show
View Real Time Build Order
Export as new Build Order

GoldLeaguer Protoss - Winner!

Build Orders:  

Get SALT Encoding   

  12  0:00  Probe  
  13  0:12  Probe  
  14  0:18  Pylon  
  14  0:24  Probe  
  15  0:36  Probe (Chrono Boost)  
  15  0:39  Gateway  
  16  0:48  Probe (Chrono Boost), Assimilator  
  17  0:54  Probe (Chrono Boost)  
  18  1:03  Probe  
  19  1:15  Probe  
  20  1:27  Probe  
  20  1:28  Cybernetics Core  
  21  1:34  Assimilator  
  21  1:39  Probe  
  22  1:51  Probe, Gateway  
  23  1:55  Pylon  
  23  2:02  Warp Gate (Chrono Boost)  
  23  2:13  Adept  
  25  2:20  Nexus  
  25  2:28  Probe  
  26  2:39  Adept  
  28  2:50  Robotics Facility  
  28  2:51  Adept  
  30  3:00  Pylon  
  30  3:02  Probe  
  31  3:18  Probe  
  31  3:19  Shield Battery  
  32  3:29  Forge  
  32  3:32  Probe  
  32  3:33  Probe  
  34  3:45  Probe x2  
  34  4:03  Protoss Ground Weapons Level 1 (Chrono Boost)  
  34  4:05  Probe x2  
  34  4:08  Observer (Chrono Boost)  
  37  4:16  Twilight Council  
  37  4:17  Probe x2  
  37  4:19  Stargate  
  37  4:20  Pylon  
  37  4:22  Assimilator  
  39  4:29  Probe x2  
  39  4:30  Immortal  
  45  4:41  Probe x2  
  47  4:47  Pylon  
  47  4:53  Probe x2  
  49  5:05  Probe  
  49  5:06  Probe  
  51  5:09  Stalker  
  53  5:18  Probe x2  
  55  5:21  Assimilator  
  55  5:26  Sentry  
  57  5:30  Probe x2, Charge  
  57  5:31  Nexus  
  57  5:35  Pylon  
  59  5:38  Pylon  
  59  5:40  Zealot  
  59  5:42  Probe x2  
  63  5:51  Warp Prism  
  65  5:57  Gateway  
  65  5:58  Probe x2  
  65  5:59  Gateway  
  65  6:02  Pylon  
  60  6:07  Stalker x2  
  59  6:14  Photon Cannon  
  60  6:18  Probe x2  
  60  6:25  Pylon  
  61  6:30  Probe x2  
  63  6:33  Observer  
  63  6:35  Robotics Bay  
  63  6:46  Immortal (Chrono Boost)  
  68  6:54  Probe (Chrono Boost)  
  68  7:00  Probe x2 (Chrono Boost)  
  70  7:03  Probe (Chrono Boost)  
  70  7:05  Probe (Chrono Boost)  
  70  7:06  Probe (Chrono Boost)  
  73  7:08  Probe (Chrono Boost)  
  73  7:09  Assimilator  
  73  7:10  Blink  
  73  7:11  Protoss Ground Weapons Level 2 (Chrono Boost)  
  73  7:13  Probe  
  75  7:22  Sentry  
  77  7:23  Stalker  
  77  7:25  Probe x3  
  77  7:28  Shield Battery  
  82  7:33  Assimilator  
  82  7:37  Probe x2  
  82  7:44  Stalker x2  
  88  7:45  Probe  
  88  7:49  Probe x2  
  91  7:52  Templar Archives  
  91  7:57  Observer, Probe  
  92  8:01  Probe  
  92  8:02  Probe  
  94  8:07  Photon Cannon  
  94  8:09  Probe  
  94  8:10  Photon Cannon  
  95  8:13  Probe  
  95  8:14  Probe  
  97  8:23  Zealot  
  97  8:24  Zealot x3  
  97  8:25  Colossus  
  111  8:30  Robotics Facility  
  111  8:34  Probe x2  
  112  8:40  Psionic Storm  
  113  8:42  Pylon  
  113  8:44  Pylon  
  113  8:46  High Templar  
  113  8:47  High Templar  
  113  8:48  Gateway  
  96  9:02  Zealot  
  96  9:03  Zealot  
  91  9:18  Colossus  
  89  9:31  Probe x3  
  91  9:45  Pylon  
  91  9:49  Pylon  
  91  9:53  Gateway  
  91  9:54  Probe x2  
  91  9:57  Nexus, Gateway  
  91  9:59  Pylon  
  93  10:02  Pylon  
  93  10:03  Pylon, Zealot x4  
  93  10:04  Zealot  
  93  10:06  Protoss Ground Weapons Level 3 (Chrono Boost)  
  103  10:08  Pylon  
  100  10:22  Disruptor x2  
  102  10:37  Zealot x2  
  102  10:38  Zealot x3  
  102  10:54  Zealot x2  
  96  10:59  Stalker  
  96  11:00  Stalker x4  
  106  11:05  Probe x2  
  106  11:06  Extended Thermal Lance (Chrono Boost), Colossus x2 (Chrono Boost)  
  120  11:15  Assimilator  
  118  11:25  High Templar  
  118  11:26  High Templar x5  
  130  11:47  Zealot  
  132  11:57  Immortal x2 (Chrono Boost)  
  140  12:01  Nexus  
  140  12:03  Pylon  
  140  12:05  Pylon  
  140  12:06  Zealot x5  
  140  12:07  Pylon, Zealot x2  
  119  12:36  Zealot x5  
  119  12:37  Zealot x2  
  129  12:53  Gateway  
  129  12:54  Gateway  
  129  12:55  Gateway  
  107  13:07  Zealot x2  
  107  13:08  Zealot x5  
  97  13:31  Stalker x4  
  97  13:32  Stalker x3  
  97  13:33  Assimilator  
  105  13:37  Assimilator  
  105  13:38  Probe x4  
  91  13:50  Protoss Air Weapons Level 1, Probe  
  88  14:06  Zealot x4  
  88  14:07  Zealot  
  88  14:08  Immortal (Chrono Boost)  
  88  14:09  Immortal (Chrono Boost)  
  90  14:21  Protoss Ground Armor Level 1 (Chrono Boost)  
  86  14:29  Zealot x3  
  86  14:30  Zealot x5  
  86  14:31  Zealot x2  
  96  14:36  Gateway  
  96  14:37  Gateway  
  98  14:39  Immortal  
  98  14:40  Immortal  
  98  14:42  Dark Shrine  
  106  14:51  High Templar x3  
  106  14:52  High Templar x4  
  120  14:53  High Templar  
  120  14:57  Archon  
  120  14:58  Archon  
  98  15:19  Zealot x2  
  88  15:29  Stalker  
  88  15:30  Stalker x3  
  88  15:34  Probe x3  
  97  15:36  Zealot x5  
  97  15:37  Zealot  
  97  15:40  Probe  
  110  15:46  Probe x3  
  111  15:52  Probe  
  102  15:57  Gravitic Drive (Chrono Boost)  
  102  15:58  Probe x3  
  102  16:04  High Templar x3, Probe  
  109  16:06  Immortal  
  109  16:09  Immortal  
  120  16:40  Zealot x2  
  120  16:41  Zealot x5  
  132  17:00  Stalker x4  
  140  17:05  Zealot x3  
Tags
 
Add a new tag
Caveats
  • Supply blocks, unpowered buildings, or Contaminate may cause inaccurate times.
  • Supply counts are checked every 10 seconds.